 Dungeon Crawl Stone Soup version 0.31.0-11-ge490571c62 (webtiles) character file.

Game seed: 4219913270502147899

96 Arcadio the Conjurer (level 4, 0/24 HPs)
             Began as a Deep Elf Conjurer on Jan 30, 2024.
             Slain by a gnoll
             ... wielding a +0 flail
             ... led by a gnoll bouda
              (8 damage)
             ... on level 3 of the Dungeon.
             The game lasted 00:03:12 (2346 turns).

Arcadio the Conjurer (Deep Elf Conjurer)            Turns: 2346, Time: 00:03:14

Health: 0/24       AC:  3    Str:  4    XL:     4   Next: 41%
Magic:  7/13       EV: 12    Int: 25    God:
Gold:   148        SH:  0    Dex: 13    Spells: 10/13 levels left

rFire   . . .        p - +0 dagger (venom)
rCold   . . .        (no shield)
rNeg    + . .        a - +0 robe
rPois   .            q - +0 helmet
rElec   .            (no cloak)
rCorr   .            (no gloves)
SInv    .            (no boots)
Will    .....        (no amulet)
Stlth   ++           l - ring of positive energy
HPRegen 0.24/turn    (no ring)
MPRegen 0.13/turn

%: no passive effects
@: lethally poisoned (0 -> -3)
A: no striking features
a: no special abilities


You were on level 3 of the Dungeon.
You visited 1 branch of the dungeon, and saw 4 of its levels.

You collected 148 gold pieces.

Inventory:

Hand Weapons
 e - a +0 dagger
 p - a +0 dagger of venom (weapon)
Armour
 a - a +0 robe (worn)
 q - a +0 helmet (worn)
 t - a +0 leather armour
Jewellery
 l - a ring of positive energy (left hand)
 s - an amulet of faith
Scrolls
 c - 2 scrolls of enchant armour {unknown}
 f - 2 scrolls of brand weapon {unknown}
 g - a scroll of enchant weapon {unknown}
 h - a scroll of blinking {unknown}
 k - a scroll of fear {unknown}
 o - 3 scrolls of immolation {unknown}
 r - a scroll of noise {unknown}
Potions
 b - a potion of magic
 d - a potion of attraction {unknown}
 i - 2 potions of lignification {unknown}
 j - a potion of brilliance {unknown}
 m - 3 potions of degeneration {unknown}
 n - a potion of mutation {unknown}


   Skills:
 - Level 2.4 Dodging
 - Level 2.4 Stealth
 + Level 5.0 Spellcasting
 + Level 5.5 Conjurations


You had 10 spell levels left.
You knew the following spells:

 Your Spells              Type           Power      Damage    Failure   Level
a - Magic Dart            Conj           100%       1d8       1%          1
b - Searing Ray           Conj           68%        2d6       1%          2

Your spell library contained the following spells:

 Spells                   Type           Power      Damage    Failure   Level
 Stone Arrow              Conj/Erth      40%        3d9       8%          3
 Sandblast                Erth           12%        2d6       9%          1
 Passwall                 Erth           6%         N/A       24%         3
 Brom's Barrelling Bould  Conj/Erth      20%        2d4       26%         4
 Fulminant Prism          Conj/Alch      10%        3d8       26%         4
 Iskenderun's Mystic Bla  Conj/Tloc      20%        2d6       26%         4


Dungeon Overview and Level Annotations

Branches:
Dungeon (4/15)
 Temple: D:4-7

Altars:


Message History

Magic restored.
You climb downwards.
The gnoll bouda barks out a call to the hunt!
A gnoll comes into view. It is wielding a +3 spear of venom.
There is a stone staircase leading up here.
Casting: Searing Ray (safe; 1% risk of failure)
Confirm with . or Enter, or press ? or * to list all spells.
Aiming: Searing Ray (safe; 1% risk of failure)
Press: ? - help, Shift-Dir - straight line, f - gnoll bouda
Aim: a gnoll bouda, wielding a +0 club and wearing a +0 leather armour (83% to hit)
The searing ray hits the gnoll bouda but does no damage. (Press . to maintain the ray.)
The gnoll shouts!
The searing ray hits the gnoll bouda.
The gnoll bouda is lightly wounded.
The searing ray hits the gnoll bouda but does no damage.
The gnoll bouda is lightly wounded.
The searing ray misses the gnoll.
Casting: Searing Ray (safe; 1% risk of failure)
Confirm with . or Enter, or press ? or * to list all spells.
Restarting spell: Searing Ray (safe; 1% risk of failure)
Press: ? - help, Shift-Dir - straight line, f - gnoll, p - gnoll bouda
Aim: a gnoll, wielding a +3 spear of venom (covering ground quickly, 83% to hit)
Okay, then.
The gnoll hits you with a +0 flail!
The gnoll hits you from afar with a +3 spear of venom.
You are poisoned.
You climb upwards.
You feel very sick.
There is a stone staircase leading down here.
Casting: Searing Ray (safe; 1% risk of failure)
Confirm with . or Enter, or press ? or * to list all spells.
Aiming: Searing Ray (safe; 1% risk of failure)
Press: ? - help, Shift-Dir - straight line, f - gnoll
Aim: a gnoll, wielding a +0 flail (covering ground quickly, 83% to hit)
The searing ray hits the gnoll.
The gnoll is heavily wounded. (Press . to maintain the ray.)
You feel sick. The gnoll hits you with a +0 flail!
You die...

#.###..#....##.###...#
###.#...##.#####.# #...#
......####.# #.# ##.##
.##.##.....# #.####.#####
###.#..##### #.##...#...##
#....## #.#.........##
#..### #..).........# ##...#
#.g..........# ...#.#
######@)..........# ####.#
####.....)#.........##
..##.###....####.##...#...##
#.##.....######.......#####
#.###..### ##....####.#
#).##.######..#..# ##.#
##.#..# #....##.## #..#
##....###.#####.# #.##
...#..#...# #.# #.#


You could see a gnoll (swift).

Vanquished Creatures
  2 gnolls (D:4)
  2 adders
  A ribbon worm (D:2)
  4 orcs (D:3)
  4 bats
  8 endoplasms
  2 giant cockroaches
  A goblin (D:3)
  3 hobgoblins
  2 quokkas
  4 ball pythons
  3 frilled lizards
  9 kobolds
  6 rats
51 creatures vanquished.

Notes
Turn   | Place    | Note
-------+----------+-------------------------------------------
     0 | D:1      | Arcadio the Deep Elf Conjurer began the quest for the Orb.
     0 | D:1      | Reached XP level 1. HP: 10/10 MP: 6/6
   289 | D:1      | Reached XP level 2. HP: 15/15 MP: 4/8
   753 | D:1      | Learned a level 2 spell: Searing Ray
  1193 | D:2      | Reached skill level 5 in Conjurations
  1193 | D:2      | Reached XP level 3. HP: 14/19 MP: 5/10
  1862 | D:3      | Reached XP level 4. HP: 24/24 MP: 3/12
  2277 | D:4      | Reached skill level 5 in Spellcasting
  2346 | D:3      | Slain by a gnoll

Illustrated notes

Levels and vault maps discovered:
D:1:      minmay_arrival_jagged, layout_loops_ring
D:2:      layout_basic
D:3:      layout_rooms
D:4:      layout_cave_pods, bloody_makhleb, minmay_temple_entry_wispy

Skill      XL: |  1  2  3  4 |
---------------+-------------+-----
Spellcasting   | 4 5 |  5.0
Conjurations   | 5 |  5.5
Dodging        | |  2.4
Stealth        | |  2.4

Action                     |  1- 3 |  4- 6 || total
---------------------------+-------+-------++-------
  Melee: Dagger            |     7 |       ||     7
   Cast: Magic Dart        |    60 |    10 ||    70
         Searing Ray       |     4 |     4 ||     8
 Armour: Robe              |     7 |     3 ||    10
  Dodge: Dodged            |     6 |       ||     6
